 Dungeon Crawl Stone Soup version 0.24.0-28-g17ded55e90 (webtiles) character file.

Game seed: 7909258419865386689, levelgen mode: deterministic

4863 Johnny the Basher (level 10, -1/88 HPs)
             Began as a Troll Berserker on Nov 11, 2019.
             Was an Elder of Trog.
             Slain by a polar bear (4 damage)
             ... on level 8 of the Dungeon.
             The game lasted 00:10:05 (7624 turns).

Johnny the Basher (Troll Berserker)                 Turns: 7624, Time: 00:10:06

Health: -1/88      AC:  6    Str: 30    XL:     10   Next: 26%
Magic:  9/9        EV: 13    Int:  3    God:    Trog [****..]
Gold:   572        SH:  3    Dex:  9    Spells: 9/9 levels left

rFire    . . .     SeeInvis +   C - +0 giant club
rCold    . . .     Gourm    +   (shield currently unavailable)
rNeg     . . .     Faith    .   b - +0 animal skin
rPois    +         Spirit   .   (helmet restricted)
rElec    .         Reflect  +   (no cloak)
rCorr    .         Harm     .   (gloves unavailable)
MR       .....                  (boots unavailable)
Stlth    +.........             q - +3 amulet of reflection
HPRegen  0.64/turn              r - ring of see invisible
MPRegen  0.11/turn              s - ring of poison resistance

@: about to teleport, barbed spikes
A: large, unfitting armour, claws 3, fast metabolism 3, gourmand, regeneration
1, shaggy fur 1, tough skin 3
a: Berserk, Trog's Hand, Brothers in Arms, Renounce Religion


You were on level 8 of the Dungeon.
You worshipped Trog.
Trog was greatly pleased with you.
You were near starving.

You visited 1 branch of the dungeon, and saw 8 of its levels.

You collected 572 gold pieces.

Inventory:

Hand Weapons
 a - a +0 mace
 o - a +0 giant spiked club
 C - a +0 giant club (weapon)
 G - a +0 morningstar
Missiles
 x - 2 throwing nets (quivered)
Armour
 b - a +0 animal skin (worn)
Jewellery
 q - a +3 amulet of reflection (around neck)
 r - a ring of see invisible (left claw)
 s - a ring of poison resistance (right claw)
 w - an uncursed amulet of harm
 D - a +6 ring of intelligence
Scrolls
 d - 5 scrolls of teleportation
 f - 2 scrolls of enchant armour {unknown}
 g - 5 scrolls of identify
 i - 6 scrolls of remove curse {unknown}
 j - 4 scrolls of immolation {unknown}
 n - 4 scrolls of magic mapping {unknown}
 p - a scroll of enchant weapon {unknown}
 t - a scroll of fog {unknown}
 y - 2 scrolls of fear {unknown}
 E - a scroll of blinking {unknown}
 F - a scroll of noise {unknown}
Potions
 e - a potion of ambrosia {unknown}
 h - 2 potions of flight {unknown}
 k - 2 potions of heal wounds {unknown}
 l - 3 potions of degeneration {unknown}
 m - 4 potions of lignification {unknown}
 u - a potion of invisibility {unknown}
 v - 2 potions of cancellation {unknown}
 z - a potion of haste {unknown}
 A - 5 potions of curing
 B - a potion of mutation {unknown}
 H - a potion of resistance {unknown}
Comestibles
 c - 12 rations


   Skills:
 - Level 2.4 Fighting
 * Level 11.5 Maces & Flails
 + Level 7.8 Dodging


You had 9 spell levels left.
You didn't know any spells.
Your spell library was empty.

Dungeon Overview and Level Annotations

Branches:
Dungeon (8/15)             Temple (0/1) D:6
   Lair: D:8-11

Altars:
Dithmenos
Fedhas
Hepliaklqana
Makhleb
Ru
Uskayaw
Wu Jian
Xom
Yredelemnul


Innate Abilities, Weirdness & Mutations

You are too large for most types of armour.
You have claws for hands.
Your metabolism is lightning-fast.
You like to eat raw meat.
Your natural rate of healing is unusually fast.
You are covered in fur. (AC +1)
You have extremely tough skin. (AC +3)


Message History

Unknown command.
Unknown command.
Unknown command.
Unknown command.
Unknown command.
It was a potion of curing.
You feel better. The polar bear closely misses you.
The polar bear claws you but does no damage. x2
The polar bear bites you!
* * * LOW HITPOINT WARNING * * *
The polar bear closely misses you.
The polar bear claws you but does no damage.
The black bear barely misses you. The black bear closely misses you.
The black bear claws you.
* * * LOW HITPOINT WARNING * * *
The wight hits you with a +0 long sword!
* * * LOW HITPOINT WARNING * * *
The polar bear bites you.
* * * LOW HITPOINT WARNING * * *
The polar bear claws you.
You die...

#.......................
#.####.......####.......
#.# #...####### #.......
#.# #...#.....# #####)..
#.# #...#.....# #... #.#
#...zh....# ###. #.#
#..Hzzh...# #. #.#
#.zhhYh...# #. #.#
#..@hHhh..# #. #.#
#..h#hh...# #. #.#
#...#z....# ## #.#
#...####### # #.# #..##
#.# #.## #.# #.# #.# #.#
#.# #.#


You could see a manticore, 6 polar bears, a hippogriff, a yak, 5 black bears and
5 wights.

Vanquished Creatures
  Pikel (D:5)
  A hippogriff (D:7)
  Sigmund (D:6)
  A spriggan (D:8)
  A hungry ghost (D:8)
  2 water moccasins
  2 orc warriors
  3 sky beasts (D:8)
  3 necrophages
  3 slaves (D:4)
  3 phantoms
  A centaur (D:5)
  4 ogres
  9 big kobolds
  A bullfrog (D:8)
  4 scorpions
  A howler monkey (D:4)
  5 crimson imps
  A quasit (D:7)
  6 orc priests
  4 jellies
  3 iguanas
  7 orc wizards
  6 worker ants
  A killer bee zombie (D:7)
  2 hound skeletons (D:4)
  11 gnolls
  A howler monkey skeleton (D:7)
  6 adders
  2 shadow imps
  An ooze (D:2)
  An adder zombie (D:6)
  An adder skeleton (D:4)
  3 worms (D:2)
  9 leopard geckos
  28 orcs
  2 ball pythons
  5 bats
  5 giant cockroaches
  10 goblins
  6 hobgoblins
  7 jackals
  4 quokkas
  13 frilled lizards
  A jackal zombie (D:6)
  56 kobolds
  A quokka zombie (D:6)
  3 rats (D:1)
252 creatures vanquished.

Notes
Turn   | Place    | Note
-------+----------+-------------------------------------------
     0 | D:1      | Johnny the Troll Berserker began the quest for the Orb.
     0 | D:1      | Reached XP level 1. HP: 22/22 MP: 0/0
   102 | D:1      | Reached skill level 3 in Maces & Flails
   181 | D:1      | Reached XP level 2. HP: 25/29 MP: 1/1
   564 | D:1      | Reached XP level 3. HP: 32/36 MP: 2/2
   679 | D:2      | Found a shadowy altar of Dithmenos.
   868 | D:2      | Reached ** piety under Trog
   926 | D:2      | Reached skill level 4 in Maces & Flails
   926 | D:2      | Reached XP level 4. HP: 41/44 MP: 3/3
  1412 | D:3      | Noticed a big kobold
  1444 | D:3      | Noticed an ogre
  1452 | D:3      | Killed an ogre
  1452 | D:3      | Reached XP level 5. HP: 50/50 MP: 4/4
  1577 | D:3      | Reached skill level 5 in Maces & Flails
  1848 | D:3      | Reached *** piety under Trog
  1873 | D:3      | Found a sacrificial altar of Ru.
  2046 | D:3      | Reached XP level 6. HP: 55/59 MP: 5/5
  2061 | D:3      | You fall into a shaft and drop 3 floors!
  2157 | D:6      | Reached skill level 6 in Maces & Flails
  2171 | D:6      | Noticed a water moccasin
  2186 | D:6      | Killed a water moccasin
  2186 | D:6      | Reached XP level 7. HP: 22/66 MP: 6/6
  2334 | D:6      | Found a staircase to the Ecumenical Temple.
  2358 | D:6      | Noticed Sigmund
  2374 | D:6      | Killed Sigmund
  2374 | D:6      | Reached skill level 7 in Maces & Flails
  2600 | D:6      | Reached skill level 5 in Dodging
  2861 | D:5      | Entered Level 5 of the Dungeon
  2883 | D:5      | Received a gift from Trog
  2883 | D:5      | Reached XP level 8. HP: 74/74 MP: 7/7
  3304 | D:4      | Reached skill level 8 in Maces & Flails
  3523 | D:4      | Found a hazy altar of Hepliaklqana.
  3871 | D:4      | Found a basalt altar of Yredelemnul.
  4348 | D:4      | Reached **** piety under Trog
  4403 | D:5      | Noticed Pikel
  4486 | D:5      | Killed Pikel
  4486 | D:5      | Reached skill level 9 in Maces & Flails
  4605 | D:5      | Found a shimmering altar of Xom.
  4631 | D:5      | Reached XP level 9. HP: 80/80 MP: 8/8
  4871 | D:5      | Received a gift from Trog
  5045 | D:5      | Reached skill level 10 in Maces & Flails
  5086 | D:5      | Found a blossoming altar of Fedhas.
  5088 | D:5      | Found an ornate altar of the Wu Jian Council.
  6693 | D:8      | Reached skill level 11 in Maces & Flails
  6716 | D:8      | Noticed a +0 hand axe
  6716 | D:8      | Noticed a +0 hand axe
  6786 | D:8      | Found a burning altar of Makhleb.
  6911 | D:8      | Reached XP level 10. HP: 19/88 MP: 9/9
  7087 | D:8      | Found a hide-covered altar of Uskayaw.
  7483 | D:8      | Found a huge runed translucent gate.
  7484 | D:8      | Found a huge runed translucent gate.
  7485 | D:8      | Found a huge runed translucent gate.
  7540 | D:8      | Found a huge runed translucent gate.
  7542 | D:8      | Noticed a manticore
  7624 | D:8      | HP: 3/88 [polar bear (4)]
  7624 | D:8      | Slain by a polar bear

Levels and vault maps discovered:
D:1:      wheals_arrival_shading, layout_loops_cross,
          hangedman_decor_diamond_cutter, chequers_serial_rivers_small_b
D:2:      layout_loops_cross, nicolae_dithmenos_shadow_blocks,
          minmay_lizard_pond
D:3:      cheibrodos_thug_alley, layout_basic, lemuel_crystal_altar,
          minmay_strange_pillars, kennysheep_boxes
D:4:      layout_loops_corners, kennysheep_little_box, lemuel_round_altar,
          first_ration, corexii_item_surrounded_by_moat, st_stairs_3,
          chequers_serial_rivers_micro_d
D:5:      minmay_goblin_kobold_castle, layout_cave_pools, led_xom_imps,
          chequers_temple_overflow_statue_of_worship, serial_bayou_ford_a,
          serial_bayou_crossing, uniq_pikel
D:6:      layout_rooms, minmay_temple_entry_glass, uniq_sigmund
D:7:      layout_basic
D:8:      lemuel_bear_cage, layout_basic, dancing_weapons_uskayaw,
          lemuel_round_altar, the_bakery

Skill      XL: |  1  2  3  4  5  6  7  8  9 |
---------------+----------------------------+-----
Maces & Flails | 3 4 5 6 7 9 11 | 11.5
Dodging        | 3 4 5 6 7 |  7.8
Fighting       | |  2.4

Action                   |  1- 3 |  4- 6 |  7- 9 | 10-12 || total
-------------------------+-------+-------+-------+-------++-------
Melee: Mace              |   111 |    49 |       |       ||   160
       Giant spiked club |       |   224 |   577 |       ||   801
       Unarmed           |       |       |     3 |       ||     3
       Morningstar       |       |       |    96 |     8 ||   104
       Giant club        |       |       |    52 |    68 ||   120
Throw: Throwing net      |       |     1 |       |     3 ||     4
Invok: Berserk           |     2 |     4 |    14 |       ||    20
       Trog's Hand       |       |     2 |     4 |       ||     6
Evoke: Wand              |       |       |     5 |     2 ||     7
  Use: Potion            |       |       |     1 |     1 ||     2
       Scroll            |       |       |       |     2 ||     2
 Stab: Sleeping          |       |     1 |     1 |       ||     2
       Paralysed         |       |       |     1 |       ||     1
  Eat: Chunk             |    13 |    17 |    64 |     5 ||    99
Armor: Animal skin       |    56 |   170 |   273 |    25 ||   524
       Skin              |       |       |     1 |       ||     1
Dodge: Dodged            |    65 |   203 |   635 |    55 ||   958
Block: Other             |       |       |     5 |     8 ||    13
